 Dungeon Crawl Stone Soup version 0.28.0-53-g5a82cb258f (webtiles) character file.

Game seed: 2069824680424189802

302 RevDB the Conjurer (level 6, -7/51 HPs)
             Began as a Draconian Conjurer on July 22, 2022.
             Was an Initiate of the Shining One.
             Mangled by a troll (12 damage)
             ... on level 4 of the Dungeon.
             The game lasted 00:28:39 (3224 turns).

RevDB the Conjurer (Draconian Conjurer)             Turns: 3224, Time: 00:28:39

Health: -7/51      AC:  8    Str: 10    XL:     6   Next: 14%
Magic:  8/10       EV: 16    Int: 20    God:    the Shining One [......]
Gold:   159        SH:  0    Dex:  9    Spells: 8/11 levels left

rFire   . . .      SeeInvis .   m - staff of conjuration
rCold   . . .      Faith    .   (no shield)
rNeg    . . .      Spirit   .   (armour unavailable)
rPois   .          Reflect  .   (helmet restricted)
rElec   .          Harm     .   u - +0 cloak
rCorr   .          Rampage  .   (no gloves)
Will    .....                   h - +0 pair of boots
Stlth   +.........              (no amulet)
HPRegen 0.17/turn               k - +4 ring of evasion
MPRegen 0.12/turn               (no ring)

@: weak-willed, glowing
A: AC +6, unfitting armour, cold-blooded
a: Renounce Religion


You were on level 4 of the Dungeon.
You worshipped the Shining One.
The Shining One was noncommittal.
You visited 1 branch of the dungeon, and saw 5 of its levels.

You collected 159 gold pieces.

Inventory:

Hand Weapons
 c - a +0 vampiric dagger
Armour
 h - a +0 pair of boots (worn)
 u - a +0 cloak (worn)
Magical Staves
 m - a staff of conjuration (weapon)
Jewellery
 k - a +4 ring of evasion (left hand)
Scrolls
 d - a scroll of blinking {unknown}
 e - a scroll of enchant armour {unknown}
 i - a scroll of amnesia
 j - a scroll of vulnerability
 l - a scroll of identify {unknown}
 n - 2 scrolls of fog {unknown}
 p - a scroll of enchant weapon {unknown}
 q - a scroll of acquirement {unknown}
 r - a scroll of fear {unknown}
 v - a scroll of teleportation {unknown}
Potions
 a - a potion of degeneration {unknown}
 b - a potion of might {unknown}
 f - 3 potions of flight {unknown}
 g - a potion of invisibility {unknown}
 o - 3 potions of curing {unknown}
 s - a potion of heal wounds {unknown}
 t - a potion of attraction {unknown}


   Skills:
 - Level 3.0 Fighting
 - Level 1.0 Staves
 - Level 2.0 Dodging
 - Level 2.0 Stealth
 - Level 3.0 Spellcasting
 + Level 5.9 Conjurations
 - Level 1.0 Evocations


You had 8 spell levels left.
You knew the following spells:

 Your Spells              Type           Power      Damage    Failure   Level
a - Magic Dart            Conj           100%       1d8       1%          1
b - Searing Ray           Conj           78%        2d7       1%          2

Your spell library contained the following spells:

 Spells                   Type           Power      Damage    Failure   Level
 Dazzling Flash           Conj/Hex       44%        N/A       13%         3
 Pain                     Necr           12%        1d4       14%         1
 Corpse Rot               Necr/Air       6%         N/A       22%         2
 Poisonous Vapours        Pois/Air       6%         N/A       22%         2
 Summon Guardian Golem    Hex/Summ       3%         N/A       38%         3
 Fulminant Prism          Conj/Hex       11%        3d9       38%         4
 Iskenderun's Mystic Bla  Conj/Tloc      22%        2d6       38%         4
 Orb of Destruction       Conj           19%        9d8       100%        7
 Spellforged Servitor     Conj/Summ      11%        N/A       100%        7
 Infestation              Necr           1%         N/A       100%        8
 Lehudib's Crystal Spear  Conj/Erth      11%        10d4      100%        8


Dungeon Overview and Level Annotations

Branches:
Dungeon (5/15)
 Temple: D:4-7

Altars:
Vehumet
The Shining One


Innate Abilities, Weirdness & Mutations

Your plain brown scales are hard. (AC +6)
You cannot fit into any form of body armour.
You are cold-blooded and may be slowed by cold attacks.


Message History

You climb downwards.
The ufetubus shouts!
The troll shouts!
You hear an angry hiss.
An adder comes into view.
The troll completely misses you. The troll barely misses you.
The troll claws you!
Found 16 gold pieces and a book of Conjurations.
There is a stone staircase leading up here.
Press: ? - help, v - describe, . - travel
Here: a troll (haloed)
The floor.
The troll bites you! The troll claws you but does no damage.
The troll claws you.
You climb upwards.
There is a stone staircase leading down here.
Casting: Magic Dart (safe; 1% risk of failure)
Confirm with . or Enter, or press ? or * to list all spells.
Aiming: Searing Ray (safe; 1% risk of failure)
Press: ? - help, Shift-Dir - straight line, f - troll
Aim: a troll (haloed, 85% to hit)
You feel a surge of power!
The searing ray hits the troll.
The troll is lightly wounded. (Press . to maintain the ray.)
The troll bites you!
* * * LOW HITPOINT WARNING * * *
The troll closely misses you. The troll misses you.
Press: ? - help, v - describe, . - travel
Here: a troll (lightly wounded, haloed)
The floor.
As you read the scroll labelled RUL LUNNIBAUNA, it crumbles to dust.
It is a scroll of amnesia.
Okay, then.
The troll misses you. The troll barely misses you. The troll claws you!
* * * LOW HITPOINT WARNING * * *
Press: ? - help, v - describe, . - travel
Here: a troll (haloed)
The floor.
As you read the scroll labelled TUOFRU VOSIRPHI, it crumbles to dust.
Magic quickly surges around you.
It was a scroll of vulnerability.
The troll bites you but does no damage. The troll claws you!
You die...

'#####...........#############...
.......##+#####...........#..####
.......#......#...........'.....#
.......#^.....'...........#.....#
.......'......#...........#.....#
.......#......#...........#.....#
.......#+######..>........##'####
####................######.......
#...........T@...#....#.......
#................#....#.......
#................#....#.......
#........).......#....#.......
#................##...#.......
###.....#'###.....#...##'####'
#.....#...#.....#...#....#..
#.....#...#.....#..)#....#..
#.....#...'.....#..)#....#..


You could see a troll (weak-willed).

Vanquished Creatures
  A phantom (D:4)
  A hound (D:4)
  A centaur skeleton (D:4)
  7 adders
  A howler monkey skeleton (D:4)
  2 worms
  5 orcs
  6 bats
  8 endoplasms
  3 giant cockroaches
  3 goblins
  5 hobgoblins
  13 jackals
  4 quokkas
  8 ball pythons
  2 frilled lizards
  4 kobolds
  8 rats
82 creatures vanquished.

Notes
Turn   | Place    | Note
-------+----------+-------------------------------------------
     0 | D:1      | RevDB the Draconian Conjurer began the quest for the Orb.
     0 | D:1      | Reached XP level 1. HP: 14/14 MP: 3/3
   165 | D:1      | Found a faded altar of an unknown god.
   218 | D:1      | Reached XP level 2. HP: 12/20 MP: 1/5
   636 | D:1      | Reached skill level 1 in Fighting
   821 | D:2      | Reached XP level 3. HP: 28/28 MP: 7/7
   827 | D:2      | Found a radiant altar of Vehumet.
  1043 | D:2      | Got the Grimoire of the Rocks and Black Magic
  1231 | D:2      | Learned a level 2 spell: Searing Ray
  1457 | D:2      | Reached XP level 4. HP: 20/36 MP: 3/8
  1893 | D:3      | Reached skill level 1 in Staves
  2082 | D:3      | Found a glowing golden altar of the Shining One.
  2089 | D:3      | Became a worshipper of the Shining One
  2426 | D:3      | Reached skill level 5 in Conjurations
  2655 | D:4      | Reached skill level 1 in Evocations
  2655 | D:4      | Reached XP level 5. HP: 37/41 MP: 3/9
  2764 | D:4      | Noticed a phantom
  2782 | D:4      | Killed a phantom
  3099 | D:4      | Reached XP level 6. HP: 51/51 MP: 6/10
  3202 | D:5      | Entered Level 5 of the Dungeon
  3219 | D:5      | Noticed a troll
  3224 | D:4      | Mangled by a troll

Illustrated notes

Levels and vault maps discovered:
D:1:      elethiomel_arrival_shortcut, layout_basic,
          ebering_ecumenical_altar_webs
D:2:      layout_basic, basic_altar
D:3:      layout_basic, tso_altar, grunt_decor_fettered
D:4:      layout_gridville
D:5:      layout_cave_pools, lemuel_coloured_pillars_altar,
          minmay_temple_entry_slanted, nicolae_concentric_dashed_squares_wild

Skill      XL: |  1  2  3  4  5 |
---------------+----------------+-----
Spellcasting   | 3 |  3.0
Fighting       | 1 2 3 |  3.0
Dodging        | 2 |  2.0
Staves         | 1 |  1.0
Conjurations   | 5 |  5.9
Stealth        | 2 |  2.0
Evocations     | 1 |  1.0

Action                   |  1- 3 |  4- 6 || total
-------------------------+-------+-------++-------
Melee: Dagger            |   170 |       ||   170
       Tailslap          |    14 |     8 ||    22
       Punch             |     1 |     1 ||     2
       Staff             |     7 |    72 ||    79
 Cast: Magic Dart        |    39 |    41 ||    80
       Searing Ray       |     1 |    12 ||    13
  Use: Scroll            |       |     2 ||     2
 Stab: Sleeping          |     3 |     2 ||     5
Armor: Skin              |    55 |    20 ||    75
Dodge: Dodged            |   129 |    92 ||   221
